SAAA
JERSEY CITY SUN CAPS @ HIALEAH DODOS
08/31/2021
 
TOP OF THE 1ST
Jersey City Sun Caps batting - Pitching for Hialeah Dodos : RHP Jim Unknown
Pitching: RHP Jim Unknown
Batting: RHB Bryan Wilson 0-0: Called Strike
0-1: Fly out, F9 (Line Drive, 89M)
Batting: RHB Jonah Moody 0-0: Swinging Strike
0-1: Foul Ball, location: 2F
0-2: Ball
1-2: Ball
2-2: Ground out 2-3 (Groundball, 25)
Batting: LHB Miguel Martínez 0-0: Called Strike
0-1: SINGLE (Line Drive, 6D)
Batting: RHB Tony Quintana 0-0: Called Strike
0-1: Ball
1-1: Foul Ball, location: 2F
1-2: Strikes out swinging
Top of the 1st over - 0 run(s), 1 hit(s), 0 error(s), 1 left on base; Jersey City 0 - Hialeah 0
BOTTOM OF THE 1ST
Hialeah Dodos batting - Pitching for Jersey City Sun Caps : RHP Jim Unknown
Pitching: RHP Jim Unknown
Batting: RHB Ludwig Kluge 0-0: SINGLE (Groundball, 4MD)
Batting: RHB José Ramírez 0-0: Ball
Ludwig Kluge is caught stealing 2nd base
1-0: Ball
Single, Error in OF, E9, batter to second base
Batting: RHB Joe Guy 0-0: Ball
1-0: Foul Ball, location: 2F
1-1: Swinging Strike
1-2: Ground out 4-3 (Groundball, 4)
José Ramírez to third
Batting: RHB Ji-chol Yang 0-0: Called Strike
0-1: Ball
Passed Ball!
José Ramírez scores
1-1: Ball
2-1: SINGLE (Line Drive, 6MD)
Batting: LHB Jeff Conklin 0-0: Called Strike
0-1: Ball
1-1: Fly out, F8 (Flyball, 8LM)
Bottom of the 1st over - 1 run(s), 3 hit(s), 1 error(s), 1 left on base; Jersey City 0 - Hialeah 1
TOP OF THE 2ND
Jersey City Sun Caps batting - Pitching for Hialeah Dodos : RHP Jim Unknown
Batting: RHB Christian O'Neal 0-0: Reached on error, E5 (Groundball, 56)
Batting: RHB Raúl Catuncan 0-0: Called Strike
0-1: Fly out, F4 (Line Drive, 4)
0-1: Lined into DP, 4-3 (Line Drive, 4)
Batting: SHB Dominique Prost 0-0: Ball
1-0: Called Strike
1-1: Ball
2-1: Called Strike
2-2: Ball
3-2: Ground out U3 (Groundball, 3S)
Top of the 2nd over - 0 run(s), 0 hit(s), 1 error(s), 0 left on base; Jersey City 0 - Hialeah 1
BOTTOM OF THE 2ND
Hialeah Dodos batting - Pitching for Jersey City Sun Caps : RHP Jim Unknown
Batting: RHB Javier Santos 0-0: Ball
1-0: SINGLE (Groundball, 6MD)
Batting: SHB Esteban Márquez 0-0: Ball
1-0: Fly out, F9 (Line Drive, 9D)
Runner from 1st tags up, SAFE at 2nd
Batting: RHB Herman Cook 0-0: Ball
1-0: Ball
Javier Santos steals 3rd base
2-0: Ball
3-0: Called Strike
3-1: Swinging Strike
3-2: Foul Ball, location: 2F
3-2: Fly out, F7 (Line Drive, 78S)
Batting: RHB Carl Carlson 0-0: Ball
1-0: Ball
2-0: Ground out 5-3 (Groundball, 5S)
Bottom of the 2nd over - 0 run(s), 1 hit(s), 0 error(s), 1 left on base; Jersey City 0 - Hialeah 1
TOP OF THE 3RD
Jersey City Sun Caps batting - Pitching for Hialeah Dodos : RHP Jim Unknown
Batting: LHB Jesús Pérez 0-0: Ball
1-0: Ball
2-0: Ball
3-0: Base on Balls
Batting: RHB Chris Lowe 0-0: Called Strike
0-1: Ball
1-1: Ball
2-1: Foul Ball, location: 2F
2-2: Ball
3-2: Strikes out looking
Batting: RHB Bryan Wilson 0-0: Ball
1-0: Foul Ball, location: 2F
1-1: SINGLE (Line Drive, 7S)
Jesús Pérez to second
Batting: RHB Jonah Moody 0-0: Ball
1-0: Ball
2-0: Foul Ball, location: 2F
2-1: Ground out 5-3 (Groundball, 5S)
Jesús Pérez to third
Bryan Wilson to second
Batting: LHB Miguel Martínez 0-0: Fly out, F9 (Flyball, 89M)
Top of the 3rd over - 0 run(s), 1 hit(s), 0 error(s), 2 left on base; Jersey City 0 - Hialeah 1
BOTTOM OF THE 3RD
Hialeah Dodos batting - Pitching for Jersey City Sun Caps : RHP Jim Unknown
Batting: RHB Ludwig Kluge 0-0: Called Strike
0-1: Foul Ball, location: 2F
0-2: Foul Ball, location: 2F
0-2: Strikes out swinging
Batting: RHB José Ramírez 0-0: Fly out, F7 (Flyball, 78S)
Batting: RHB Joe Guy 0-0: SINGLE (Flyball, 78M)
Batting: RHB Ji-chol Yang 0-0: Ball
Joe Guy is caught stealing 2nd base
Bottom of the 3rd over - 0 run(s), 1 hit(s), 0 error(s), 0 left on base; Jersey City 0 - Hialeah 1
TOP OF THE 4TH
Jersey City Sun Caps batting - Pitching for Hialeah Dodos : RHP Jim Unknown
Batting: RHB Tony Quintana 0-0: Ball
1-0: DOUBLE (Line Drive, 7LM)
Batting: RHB Christian O'Neal 0-0: Ball
1-0: Ball
2-0: Called Strike
2-1: Fly out, F8 (Flyball, 8RM)
Batting: RHB Raúl Catuncan 0-0: Foul Ball, location: 2F
0-1: Ball
1-1: Ball
2-1: Ground out 5-3 (Groundball, 5)
Batting: SHB Dominique Prost 0-0: Called Strike
0-1: Ball
Wild Pitch!
Tony Quintana to third
1-1: Called Strike
1-2: Ball
2-2: Foul Ball, location: 2F
2-2: Ball
3-2: Fly out, F9 (Line Drive, 9M)
Top of the 4th over - 0 run(s), 1 hit(s), 0 error(s), 1 left on base; Jersey City 0 - Hialeah 1
BOTTOM OF THE 4TH
Hialeah Dodos batting - Pitching for Jersey City Sun Caps : RHP Jim Unknown
Batting: RHB Ji-chol Yang 0-0: Swinging Strike
0-1: Ball
1-1: Ball
2-1: Swinging Strike
2-2: Strikes out swinging
Batting: LHB Jeff Conklin 0-0: Ball
1-0: Called Strike
1-1: Foul Ball, location: 2F
1-2: SINGLE (Groundball, 34D) (infield hit)
Batting: RHB Javier Santos 0-0: Called Strike
0-1: Ball
1-1: Called Strike
1-2: Foul Ball, location: 2F
1-2: Ball
2-2: SINGLE (Line Drive, 4M)
Jeff Conklin to second
Batting: SHB Esteban Márquez 0-0: Ball
1-0: Fly out, F3 (Popup, 3S)
Batting: RHB Herman Cook 0-0: Swinging Strike
0-1: Fly out, F8 (Flyball, 8RD)
Bottom of the 4th over - 0 run(s), 2 hit(s), 0 error(s), 2 left on base; Jersey City 0 - Hialeah 1
TOP OF THE 5TH
Jersey City Sun Caps batting - Pitching for Hialeah Dodos : RHP Jim Unknown
Batting: LHB Jesús Pérez 0-0: Ball
1-0: Swinging Strike
1-1: Ground out U3 (Groundball, 3)
Batting: RHB Chris Lowe 0-0: Called Strike
0-1: Ball
1-1: Foul Ball, location: 2F
1-2: Strikes out swinging
Batting: RHB Bryan Wilson 0-0: Ball
1-0: Ball
2-0: Foul Ball, location: 2F
2-1: Fly out, F4 (Popup, 4M)
Top of the 5th over - 0 run(s), 0 hit(s), 0 error(s), 0 left on base; Jersey City 0 - Hialeah 1
BOTTOM OF THE 5TH
Hialeah Dodos batting - Pitching for Jersey City Sun Caps : RHP Jim Unknown
Batting: RHB Carl Carlson 0-0: Ball
1-0: Ball
2-0: Fly out, F9 (Flyball, 89M)
Batting: RHB Ludwig Kluge 0-0: Called Strike
0-1: Ground out 4-3 (Groundball, 4)
Batting: RHB José Ramírez 0-0: Ball
1-0: Fly out, F8 (Flyball, 8LM)
Bottom of the 5th over - 0 run(s), 0 hit(s), 0 error(s), 0 left on base; Jersey City 0 - Hialeah 1
TOP OF THE 6TH
Jersey City Sun Caps batting - Pitching for Hialeah Dodos : RHP Jim Unknown
Batting: RHB Jonah Moody 0-0: Ball
1-0: Foul Ball, location: 2F
1-1: Foul Ball, location: 2F
1-2: Strikes out looking
Batting: LHB Miguel Martínez 0-0: Ball
1-0: Fly out, F8 (Line Drive, 8LD)
Batting: RHB Tony Quintana 0-0: Ball
1-0: Ball
2-0: Called Strike
2-1: Ground out 6-3 (Groundball, 6)
Top of the 6th over - 0 run(s), 0 hit(s), 0 error(s), 0 left on base; Jersey City 0 - Hialeah 1
BOTTOM OF THE 6TH
Hialeah Dodos batting - Pitching for Jersey City Sun Caps : RHP Jim Unknown
Batting: RHB Joe Guy 0-0: Ball
1-0: Ball
2-0: Ball
3-0: Swinging Strike
3-1: Fly out, F6 (Popup, 56D)
Batting: RHB Ji-chol Yang 0-0: Ball
1-0: Hit by Pitch
Batting: LHB Jeff Conklin 0-0: Called Strike
0-1: Ball
1-1: Called Strike
1-2: Fly out, F7 (Flyball, 7LM)
Batting: RHB Javier Santos 0-0: Foul Ball, location: 2F
0-1: Ball
1-1: Foul Ball, location: 2F
1-2: Ball
2-2: Strikes out swinging
Bottom of the 6th over - 0 run(s), 0 hit(s), 0 error(s), 1 left on base; Jersey City 0 - Hialeah 1
TOP OF THE 7TH
Jersey City Sun Caps batting - Pitching for Hialeah Dodos : RHP Jim Unknown
Batting: RHB Christian O'Neal 0-0: Foul Ball, location: 2F
0-1: Ball
1-1: Foul Ball, location: 2F
1-2: Strikes out swinging
Batting: RHB Raúl Catuncan 0-0: Called Strike
0-1: Ground out 5-3 (Groundball, 5L)
Batting: SHB Dominique Prost 0-0: Ball
1-0: SINGLE (Line Drive, 89S)
Batting: LHB Jesús Pérez 0-0: Called Strike
0-1: Ball
1-1: Ball
2-1: Ball
3-1: DOUBLE (Line Drive, 9LM)
Dominique Prost to third
Batting: RHB Chris Lowe 0-0: Ball
1-0: Called Strike
1-1: Foul Ball, location: 2F
1-2: Ground out 5-3 (Groundball, 6S)
Top of the 7th over - 0 run(s), 2 hit(s), 0 error(s), 2 left on base; Jersey City 0 - Hialeah 1
BOTTOM OF THE 7TH
Hialeah Dodos batting - Pitching for Jersey City Sun Caps : RHP Jim Unknown
Batting: SHB Esteban Márquez 0-0: Foul Ball, location: 2F
0-1: Ball
1-1: SINGLE (Flyball, 7S)
Pinch Hitting: LHB Álex Burgos 0-0: Sac Bunt - play at first, batter OUT! 1-4
Esteban Márquez to second
Batting: RHB Carl Carlson 0-0: Called Strike
0-1: Foul Ball, location: 2F
0-2: Foul Ball, location: 2F
0-2: Ball
1-2: Ball
2-2: Foul Ball, location: 2F
2-2: Ball
3-2: Foul Ball, location: 2F
3-2: Fly out, F9 (Line Drive, 89M)
Pinch Hitting: LHB Bobby Moore 0-0: Ball
1-0: Ball
2-0: Ball
3-0: Foul Ball, location: 2F
3-1: Base on Balls
Batting: RHB José Ramírez 0-0: Fly out, F7 (Flyball, 7M)
Bottom of the 7th over - 0 run(s), 1 hit(s), 0 error(s), 2 left on base; Jersey City 0 - Hialeah 1
TOP OF THE 8TH
Jersey City Sun Caps batting - Pitching for Hialeah Dodos : RHP Jim Unknown
Now at SS: Scott Miller
Now in RF: Bobby Moore
Batting: RHB Bryan Wilson 0-0: Foul Ball, location: 2F
0-1: Ground out 4-3 (Groundball, 4)
Batting: RHB Jonah Moody 0-0: Foul Ball, location: 2F
0-1: DOUBLE (Line Drive, 7LM)
Batting: LHB Miguel Martínez 0-0: Ball
1-0: SINGLE (Groundball, 4MD)
Jonah Moody to third
Runner from 3rd tries for Home, SAFE, throw made home
Pinch Hitting: RHB Micheal Murdoch 0-0: SINGLE (Flyball, 89S)
Miguel Martínez to second
Batting: RHB Christian O'Neal 0-0: Foul Ball, location: 2F
0-1: Ball
1-1: Ball
2-1: SINGLE (Groundball, 56D)
Miguel Martínez to third
Micheal Murdoch to second
Batting: RHB Raúl Catuncan 0-0: Called Strike
0-1: GRAND SLAM HOME RUN (Line Drive, 7D), Distance : 390 ft
Batting: SHB Dominique Prost 0-0: Foul Ball, location: 2F
0-1: Ground out 4-3 (Groundball, 4M)
Batting: LHB Jesús Pérez 0-0: Foul Ball, location: 2F
0-1: Called Strike
0-2: Foul Ball, location: 2F
0-2: Ball
1-2: Strikes out looking
Top of the 8th over - 5 run(s), 5 hit(s), 0 error(s), 0 left on base; Jersey City 5 - Hialeah 1
BOTTOM OF THE 8TH
Hialeah Dodos batting - Pitching for Jersey City Sun Caps : RHP Jim Unknown
Now at 1B: Micheal Murdoch
Batting: RHB Joe Guy 0-0: DOUBLE (Flyball, 7D)
Batting: RHB Ji-chol Yang 0-0: Foul Ball, location: 2F
0-1: Swinging Strike
0-2: Ball
1-2: Strikes out looking
Pitching: LHP Francisco Carrasco
Batting: LHB Jeff Conklin 0-0: Ball
1-0: Ball
2-0: Ball
3-0: Base on Balls
Pitching: RHP Elio Maini
Batting: RHB Javier Santos 0-0: SINGLE (Line Drive, 34)
Joe Guy to third
Jeff Conklin to second
Runner from 3rd tries for Home, SAFE, no throw or cutoff
Pitching: LHP Jesús Cantú
Batting: SHB Esteban Márquez 0-0: Called Strike
0-1: Foul Ball, location: 2F
0-2: Strikes out looking
Pitching: RHP Jim Unknown
Batting: RHB Scott Miller 0-0: Called Strike
0-1: Foul Ball, location: 2F
0-2: Ball
1-2: Ball
2-2: Fly out, F5 (Popup, 5DF)
Bottom of the 8th over - 1 run(s), 2 hit(s), 0 error(s), 2 left on base; Jersey City 5 - Hialeah 2
TOP OF THE 9TH
Jersey City Sun Caps batting - Pitching for Hialeah Dodos : RHP Jim Unknown
Batting: RHB Chris Lowe 0-0: Called Strike
0-1: Ball
1-1: Ball
2-1: SINGLE (Groundball, 4MD)
Batting: RHB Bryan Wilson 0-0: Bunted foul
0-1: Sac Bunt - play at first, batter OUT! 1-4
Chris Lowe to second
Batting: RHB Jonah Moody 0-0: Called Strike
0-1: Swinging Strike
0-2: DOUBLE (Flyball, 89D)
Chris Lowe scores
Pitching: RHP Mark Walker
Batting: LHB Miguel Martínez 0-0: Called Strike
0-1: Foul Ball, location: 2F
0-2: Foul Ball, location: 2F
0-2: Ball
1-2: SINGLE (Line Drive, 56S)
Jonah Moody to third
Batting: RHB Micheal Murdoch 0-0: Called Strike
0-1: Foul Ball, location: 2F
0-2: Ball
1-2: Ground out 5-3 (Groundball, 5S)
Jonah Moody scores
Miguel Martínez to second
Batting: RHB Christian O'Neal 0-0: Ball
1-0: Ball
2-0: Ball
3-0: Base on Balls
Batting: RHB Raúl Catuncan 0-0: Called Strike
0-1: Ball
1-1: Swinging Strike
1-2: SINGLE (Groundball, 4)
Miguel Martínez to third
Christian O'Neal to second
Runner from 3rd tries for Home, SAFE, no throw or cutoff
Batting: SHB Dominique Prost 0-0: Ball
1-0: Ball
2-0: Foul Ball, location: 2F
2-1: SINGLE (Groundball, 34D)
Christian O'Neal to third
Raúl Catuncan to second
Runner from 3rd tries for Home, SAFE, throw made home
Batting: LHB Jesús Pérez 0-0: Ball
1-0: Ground out 4-3 (Groundball, 4)
Top of the 9th over - 4 run(s), 5 hit(s), 0 error(s), 2 left on base; Jersey City 9 - Hialeah 2
BOTTOM OF THE 9TH
Hialeah Dodos batting - Pitching for Jersey City Sun Caps : RHP Jim Unknown
Now at 3B: Harry Reynolds
Now in RF: Anrrique Bolo
Batting: RHB Carl Carlson 0-0: SINGLE (Groundball, 6M)
Batting: LHB Bobby Moore 0-0: Foul Ball, location: 2F
0-1: Ball
1-1: Foul Ball, location: 2F
1-2: Foul Ball, location: 2F
1-2: Foul Ball, location: 2F
1-2: DOUBLE (Line Drive, 7LS)
Carl Carlson to third
Batting: RHB José Ramírez 0-0: Foul Ball, location: 2F
0-1: Swinging Strike
0-2: Foul Ball, location: 2F
0-2: Ball
Wild Pitch!
Carl Carlson scores
Bobby Moore to third
1-2: Foul Ball, location: 2F
1-2: Ball
2-2: Foul Ball, location: 2F
2-2: Fly out, F4 (Line Drive, 4)
Batting: RHB Joe Guy 0-0: TRIPLE (Flyball, 8RXD)
Bobby Moore scores
Pitching: LHP Jim Unknown
Batting: RHB Ji-chol Yang 0-0: Called Strike
0-1: Swinging Strike
0-2: 2-RUN HOME RUN (Flyball, 7LD), Distance : 341 ft
Batting: LHB Jeff Conklin 0-0: Ball
1-0: Swinging Strike
1-1: Ball
2-1: Called Strike
2-2: Ball
3-2: Strikes out swinging
Batting: RHB Javier Santos 0-0: Swinging Strike
0-1: Ball
1-1: Foul Ball, location: 2F
1-2: Strikes out swinging
Bottom of the 9th over - 4 run(s), 4 hit(s), 0 error(s), 0 left on base; Jersey City 9 - Hialeah 6
This league is powered by Out of the Park Baseball, the baseball management simulation game for PC, Mac and Linux
Friday, January 22nd, 2016 - OOTP Baseball 16.9 Build 39